 Dungeon Crawl Stone Soup version 0.28-a0-1143-gcf6077d4cc (webtiles) character file.

Game seed: 16692956129980697341

42 SensoryNuts the Slasher (level 3, -2/27 HPs)
             Began as a Demonspawn Gladiator on Dec 13, 2021.
             Slain by a ball python (3 damage)
             ... on level 2 of the Dungeon.
             The game lasted 00:01:15 (1340 turns).

SensoryNuts the Slasher (Demonspawn Gladiator)      Turns: 1340, Time: 00:01:16

Health: -2/27      AC:  4    Str: 16    XL:     3   Next: 35%
Magic:  3/3        EV:  9    Int:  9    God:
Gold:   36         SH:  0    Dex: 14    Spells: 2/2 levels left

rFire   . . .      SeeInvis .   a - +0 long sword
rCold   . . .      Faith    .   (no shield)
rNeg    . . .      Spirit   .   b - +0 leather armour
rPois   .          Reflect  .   c - +0 helmet
rElec   .          Harm     .   (no cloak)
rCorr   .          Rampage  .   (no gloves)
Will    .....                   (no boots)
Stlth   +.........              (no amulet)
HPRegen 0.09/turn               (no ring)
MPRegen 0.08/turn               (no ring)

@: lethally poisoned (-2 -> -6), constricted
A: foul stench 1, powered by death 1
a: no special abilities


You were on level 2 of the Dungeon.
You visited 1 branch of the dungeon, and saw 2 of its levels.

You collected 36 gold pieces.

Inventory:

Hand Weapons
 a - a +0 long sword (weapon)
Missiles
 d - 3 throwing nets (quivered)
Armour
 b - a +0 leather armour (worn)
 c - a +0 helmet (worn)
Magical Staves
 g - a staff of earth
Scrolls
 e - a scroll of enchant weapon {unknown}
 f - a scroll of identify {unknown}
Potions
 h - 2 potions of flight {unknown}
 i - a potion of invisibility {unknown}


   Skills:
 + Level 2.2 Fighting
 + Level 3.2 Long Blades
 + Level 2.0 Throwing
 + Level 0.8 Armour
 + Level 3.1 Dodging
 + Level 0.2 Stealth


You had 2 spell levels left.
You didn't know any spells.
Your spell library was empty.

Dungeon Overview and Level Annotations

Branches:
Dungeon (2/15)

Altars:


Innate Abilities, Weirdness & Mutations

You may rarely emit foul miasma when damaged in melee.
You regenerate a little health from kills.


Message History

The giant cockroach misses you. The giant cockroach barely misses you.
A gnoll comes into view. It is wielding a +0 club.
The gnoll shouts!
You slash the giant cockroach!
You kill the giant cockroach!
You hear a shout!
You miss the adder. The adder closely misses you.
The gnoll hits you from afar with a +0 spear.
The adder bites you.
You are poisoned.
The adder poisons you!
You closely miss the adder.
You feel sick.
The gnoll hits you from afar with a +0 spear!
You are too injured to fight recklessly!
You are too injured to fight recklessly!
You are too injured to fight recklessly!
You are too injured to fight recklessly!
You are too injured to fight recklessly!
You are too injured to fight recklessly!
You are too injured to fight recklessly!
You are too injured to fight recklessly!
You are too injured to fight recklessly!
You are too injured to fight recklessly!
You are too injured to fight recklessly!
You are too injured to fight recklessly!
You are too injured to fight recklessly!
You are too injured to fight recklessly!
You are too injured to fight recklessly!
You are too injured to fight recklessly!
Unknown command.
You barely miss the adder.
You feel sick. The adder bites you.
* * * LOW HITPOINT WARNING * * *
The ball python barely misses you. The ball python grabs you.
The ball python constricts you.
The gnoll hits you from afar with a +0 spear.
* * * LOW HITPOINT WARNING * * *
The adder bites you.
* * * LOW HITPOINT WARNING * * *
The ball python bites you.
You die... .... . #.#. #) #... ### .. #. ... .. ..# ⌠.#.. #.#####..# .gg

.......#
#S####>....#
#.##S@........#
#..............#
...########.....#
. ##..### .. #..#
.#..# #..#
....########..# #
..............#
#.....#...####.##


You could see 2 gnolls, an adder and a ball python.

Vanquished Creatures
  A dart slug (D:1)
  An orc (D:2)
  3 bats (D:1)
  4 endoplasms (D:1)
  A giant cockroach (D:2)
  3 goblins (D:1)
  3 hobgoblins (D:1)
  3 jackals (D:1)
  2 quokkas (D:1)
  3 ball pythons
  2 frilled lizards (D:1)
  4 kobolds
  4 rats (D:1)
34 creatures vanquished.

Notes
Turn   | Place    | Note
-------+----------+-------------------------------------------
     0 | D:1      | SensoryNuts the Demonspawn Gladiator began the quest for
                  | the Orb.
     0 | D:1      | Reached XP level 1. HP: 16/16 MP: 1/1
   528 | D:1      | Gained mutation: You regenerate a little health from kills.
                  | [demonic ancestry]
   528 | D:1      | Reached XP level 2. HP: 10/22 MP: 2/2
  1011 | D:1      | Gained mutation: You may rarely emit foul miasma when
                  | damaged in melee. [demonic ancestry]
  1011 | D:1      | Reached XP level 3. HP: 18/27 MP: 3/3
  1340 | D:2      | HP: 1/27 [adder (2)]
  1340 | D:2      | Slain by a ball python

Illustrated notes

Levels and vault maps discovered:
D:1:      minmay_arrival_checkered_box, layout_loops_corners,
          minmay_split_cup_small
D:2:      layout_loops_ring, shapermc_ecumenical_altar_starsandcircs,
          grunt_decor_mini_mirrors

Skill      XL: |  1  2 |
---------------+-------+-----
Throwing       | 2 |  2.0
Long Blades    | 3 |  3.2
Dodging        | 3 |  3.1
Fighting       | |  2.2
Armour         | |  0.8
Stealth        | |  0.2

Action                   || total
-------------------------++-------
Melee: Long sword        ||    96
 Stab: Sleeping          ||     2
Armor: Leather armour    ||    34
Dodge: Dodged            ||    84

Table legend: (Time is in decaauts)
 A = Elapsed time spent in this place.
 B = Non-inter-level travel time spent in this place.
 C = Inter-level travel time spent in this place.
 D = Time resting spent in this place.
 E = Time spent auto-exploring this place.
 F = Levels seen in this place.
 G = Mean time per level.
                   A        B        C        D        E       F      G
               +--------+--------+--------+--------+--------+-----+--------+
         Total |   1363 |   1363 |      0 |      0 |   1050 |   2 |  681.5 |
       Dungeon |   1363 |   1363 |      0 |      0 |   1050 |   2 |  681.5 |
               +--------+--------+--------+--------+--------+-----+--------+

Top non-repeatable levels by time:
     D:1: 1297 daAuts
     D:2: 65 daAuts
